 Dungeon Crawl Stone Soup version 0.31-a0-16-g6d2539766c (webtiles) character file.

Game seed: 13918402903339631665

81 IdlyInterested the Grave Robber (level 4, 0/26 (33) HPs)
             Began as a Demonspawn Wanderer on May 8, 2023.
             Slain by a gnoll
             ... wielding a +0 club
              (6 damage)
             ... on level 3 of the Dungeon.
             The game lasted 00:10:06 (1866 turns).

IdlyInterested the Grave Robber (DsWn)              Turns: 1866, Time: 00:10:07

HP:   0/26 (33)     AC:  2    Str: 11    XL:     4   Next: 20%
MP:   7/7           EV: 12    Int: 18    God:
Gold: 127           SH:  0    Dex: 11    Spells: 6/7 levels left

rFire   . . .        t - +4 hand axe (elec)
rCold   . . .        (no shield)
rNeg    + . .        c - +0 robe
rPois   .            (helmet restricted)
rElec   .            (no cloak)
rCorr   .            (no gloves)
SInv    .            (no boots)
Will    .....        o - amulet of regeneration
Stlth   +            g - ring of positive energy
HPRegen 1.04/turn    (no ring)
MPRegen 0.10/turn

%: no passive effects
@: heavily drained
A: antennae 2, demonic guardian 1
a: no special abilities


You were on level 3 of the Dungeon.
You visited 1 branch of the dungeon, and saw 3 of its levels.

You collected 127 gold pieces.

Inventory:

Hand Weapons
 a - a +0 club
 d - a +0 short sword
 e - a +0 dagger
 k - a +0 dire flail
 s - a +0 whip
 t - a +4 hand axe of electrocution (weapon)
Missiles
 j - 24 stones
 m - 2 javelins
 n - 6 curare-tipped darts
 u - 4 poisoned darts
 v - 2 boomerangs
Armour
 c - a +0 robe (worn)
Magical Staves
 x - a staff of air
Jewellery
 g - a ring of positive energy (left hand)
 o - an amulet of regeneration (around neck)
 w - an amulet of reflection
Scrolls
 f - a scroll of fear {unknown}
 i - 7 scrolls of identify {unknown}
 l - a scroll of immolation {unknown}
 p - 3 scrolls of teleportation {unknown}
 q - a scroll of enchant armour {unknown}
 r - a scroll of poison {unknown}
Potions
 b - 3 potions of attraction
 h - 2 potions of curing


   Skills:
 + Level 2.1 Fighting
 - Level 2.0 Dodging
 - Level 2.0 Spellcasting
 - Level 5.0 Necromancy
 * Level 2.7 Translocations


You had 6 spell levels left.
You knew the following spells:

 Your Spells              Type           Power      Damage    Failure   Level
a - Kiss of Death         Conj/Necr      40%        2d8       6%          1

Your spell library contained the following spells:

 Spells                   Type           Power      Damage    Failure   Level
 Sublimation of Blood     Necr           19%        N/A       3%          2
 Blink                    Tloc           22%        N/A       9%          2
 Lesser Beckoning         Tloc           22%        N/A       9%          2
 Manifold Assault         Tloc           11%        N/A       52%         4
 Anguish                  Hex/Necr       5%         N/A       54%         4
 Storm Form               Tmut/Air       0%         N/A       100%        7


Dungeon Overview and Level Annotations

Branches:
Dungeon (3/15)

Altars:

Shops:
D:1 (


Innate Abilities, Weirdness & Mutations

You have a pair of antennae on your head.
A weak demonic guardian rushes to your aid.


Message History

You kill the endoplasm!
You hit the goblin. The goblin hits you with a +0 club.
You hit the goblin.
You kill the goblin!
Things that are here:
a +0 club; a goblin corpse
There is a stone staircase leading up here.
You climb upwards.
There is a stone staircase leading down here.
There is a stone staircase leading down here.
You climb downwards.
Found 10 gold pieces.
There is a stone staircase leading up here.
The helpless ball python fails to defend itself.
You hit the ball python.
You kill the ball python! 3 gnolls come into view.
Found a potion of curing and 3 stones.
The gnoll shouts! x2
The gnoll hits you from afar with a +0 spear.
The gnoll closely misses you.
You slash the gnoll!
The gnoll is heavily wounded.
The gnoll barely misses you.
You closely miss the gnoll.
The gnoll is heavily wounded.
The gnoll closely misses you. x2; The gnoll barely misses you.
The gnoll hits you with a +0 whip.
You barely miss the gnoll.
The gnoll is heavily wounded.
The gnoll barely misses you.
You hit the gnoll.
You kill the gnoll!
The gnoll hits you from afar with a +0 spear.
The gnoll hits you with a +0 club. The gnoll hits you with a +0 club!
The gnoll hits you with a +0 spear.
You barely miss the gnoll. x2; The gnoll hits you with a +0 spear.
* * * LOW HITPOINT WARNING * * *
A demonic guardian appears!
The gnoll hits you with a +0 club.
You die...

. ...####
.......###########
....$.gg@..<.....#
#..!...#g........#
#.....g#.5.......#
#......###########
#.....( .......
....... .#..###


You could see 3 gnolls and a friendly quasit (summoned).

Vanquished Creatures
  Terence (D:2)
  A gnoll (D:3)
  An adder (D:2)
  3 dart slugs
  4 bats
  4 endoplasms
  A giant cockroach (D:1)
  2 goblins
  2 hobgoblins (D:1)
  2 jackals (D:1)
  A quokka (D:1)
  2 ball pythons
  2 frilled lizards (D:1)
  3 kobolds
  4 rats
33 creatures vanquished.

Notes
Turn   | Place    | Note
-------+----------+-------------------------------------------
     0 | D:1      | IdlyInterested the Demonspawn Wanderer began the quest for
                  | the Orb.
     0 | D:1      | IdlyInterested set off with the following items: a +0 club,
                  | a potion of attraction, a +0 robe, a +0 helmet; and the
                  | following spell memorised: Kiss of Death; and the following
                  | spells available to memorise: Sublimation of Blood, Blink,
                  | Lesser Beckoning, Anguish.
     0 | D:1      | Reached XP level 1. HP: 13/13 MP: 3/3
    40 | D:1      | Found Pupi's Weapon Boutique.
   382 | D:1      | Gained mutation: You have a pair of small antennae on your
                  | head. [demonic ancestry]
   382 | D:1      | Reached XP level 2. HP: 20/20 MP: 5/5
   421 | D:1      | Reached skill level 1 in Fighting
  1012 | D:2      | Reached skill level 5 in Necromancy
  1012 | D:2      | Gained mutation: You have a pair of antennae on your head.
                  | [demonic ancestry]
  1012 | D:2      | Reached XP level 3. HP: 14/16 MP: 4/6
  1056 | D:2      | Noticed Terence
  1066 | D:2      | Killed Terence
  1673 | D:2      | Gained mutation: A weak demonic guardian rushes to your
                  | aid. [demonic ancestry]
  1673 | D:2      | Reached XP level 4. HP: 24/24 MP: 7/7
  1866 | D:3      | Slain by a gnoll

Illustrated notes

Levels and vault maps discovered:
D:1:      nzn_arrival_depleted_hourglass, layout_basic, serial_shops,
          nicolae_shop_hallway_stairs
D:2:      layout_loops_ring, uniq_terence
D:3:      layout_basic, serial_shops, shop, minmay_randomly_rotated_circles

Skill      XL: |  1  2  3 |
---------------+----------+-----
Dodging        | 2 |  2.0
Translocations | 2 |  2.7
Fighting       | 1 2 |  2.1
Necromancy     | 5 |  5.0
Spellcasting   | |  2.0

Action                     |  1- 3 |  4- 6 || total
---------------------------+-------+-------++-------
  Melee: Club              |   136 |       ||   136
         Punch             |     1 |       ||     1
         Hand axe          |    10 |     9 ||    19
  Throw: Dart              |     3 |       ||     3
   Cast: Kiss of Death     |     6 |       ||     6
   Stab: Sleeping          |       |     1 ||     1
 Armour: Robe              |    49 |       ||    49
  Dodge: Dodged            |   120 |     7 ||   127

Table legend: (Time is in decaauts)
 A = Elapsed time spent in this place.
 B = Non-inter-level travel time spent in this place.
 C = Inter-level travel time spent in this place.
 D = Time resting spent in this place.
 E = Time spent auto-exploring this place.
 F = Levels seen in this place.
 G = Mean time per level.
                   A        B        C        D        E       F      G
               +--------+--------+--------+--------+--------+-----+--------+
         Total |   1912 |   1721 |    191 |    218 |    964 |   3 |  637.3 |
       Dungeon |   1912 |   1721 |    191 |    218 |    964 |   3 |  637.3 |
               +--------+--------+--------+--------+--------+-----+--------+

Top non-repeatable levels by time:
     D:1: 1020 daAuts
     D:2: 853 daAuts
     D:3: 38 daAuts
